 Dungeon Crawl Stone Soup version 0.28-a0-704-g4d584c6bc1 (webtiles) character file.

Game seed: 12856426644340731895

184 Conn the Sneak (level 5, 0/31 HPs)
             Began as an Octopode Fire Elementalist on Oct 24, 2021.
             Splashed by a jelly's acid (3 damage)
             ... on level 4 of the Dungeon.
             The game lasted 00:03:44 (2262 turns).

Conn the Sneak (Octopode Fire Elementalist)         Turns: 2262, Time: 00:03:44

Health: 0/31       AC: -3    Str:  7    XL:     5   Next: 63%
Magic:  7/9        EV: 13    Int: 18    God:
Gold:   121        SH:  0    Dex: 13    Spells: 6/10 levels left

rFire   . . .      SeeInvis .   c - +2 dagger (venom)
rCold   . . .      Faith    .   (no shield)
rNeg    . . .      Spirit   .   (helmet restricted)
rPois   .          Reflect  .   (no amulet)
rElec   .          Harm     .   (no ring)
rCorr   .          Rampage  .   (no ring)
Will    .....                   (no ring)
Stlth   ++++......              (no ring)
HPRegen 0.10/turn               (no ring)
MPRegen 0.11/turn               (no ring)
                                (no ring)
                                (no ring)

@: corroded
A: almost no armour, amphibious, 8 rings, camouflage 1, gelatinous body 1,
(nimble swimmer 1), tentacles
a: no special abilities


You were on level 4 of the Dungeon.
You visited 1 branch of the dungeon, and saw 3 of its levels.

You collected 121 gold pieces.

Inventory:

Hand Weapons
 c - a +2 dagger of venom (weapon)
Missiles
 f - 13 poisoned darts (quivered)
Armour
 e - a +1 buckler
Potions
 b - a potion of lignification {unknown}
 d - a potion of curing {unknown}
 i - a potion of might {unknown}
 j - a potion of brilliance {unknown}


   Skills:
 + Level 0.2 Fighting
 + Level 1.4 Short Blades
 + Level 2.3 Dodging
 + Level 4.4 Stealth
 + Level 3.0 Spellcasting
 + Level 1.7 Conjurations
 + Level 4.0 Fire Magic


You had 6 spell levels left.
You knew the following spells:

 Your Spells              Type           Power      Damage    Failure   Level
a - Foxfire               Conj/Fire      52%        2x1d6     4%          1
b - Conjure Flame         Conj/Fire      13%        6-21      16%         3

Your spell library contained the following spells:

 Spells                   Type           Power      Damage    Failure   Level
 Scorch                   Fire           34%        2d7       4%          2
 Inner Flame              Hex/Fire       10%        N/A       22%         3
 Flame Wave               Conj/Fire      13%        3d5       45%         4


Dungeon Overview and Level Annotations

Branches:
Dungeon (2/15)             Temple (0/1) D:4

Altars:


Innate Abilities, Weirdness & Mutations

You cannot wear most types of armour.
You are amphibious.
You can wear up to eight rings at the same time.
Your skin changes colour to match your surroundings (Stealth+).
Your rubbery body absorbs attacks. (AC +1, EV +1)
((You are camouflaged near water. (Stealth+)))
You have tentacles for arms and can constrict up to eight enemies at once.


Message History

The dart slug bites you. The black bear bites you. The black bear misses you.
The black bear closely misses you.
As you read the scroll labelled IPEH AZAGG, it crumbles to dust.
You assume a fearsome visage.
The dart slug looks frightened!
The black bear looks frightened!
It was a scroll of fear.
The dart slug launches a dart at you. The slug dart hits you.
You hear the slow hiss of a very distant avalanche of sand.
Cornered, the dart slug turns to fight!
The dart slug launches a dart at you. The slug dart hits you.
Casting: Foxfire (safe; 4% risk of failure)
Confirm with . or Enter, or press ? or * to list all spells.
You conjure some foxfire!
Unknown command.
The foxfire hits the dart slug.
You kill the dart slug!
Your foxfire dissipates!
There is an escape hatch in the ceiling here.
Magic restored.
A jelly comes into view.
Found 13 gold pieces.
Casting: Foxfire (safe; 4% risk of failure)
Confirm with . or Enter, or press ? or * to list all spells.
You conjure some foxfire!
The jelly barely misses you.
You hit the jelly.
The jelly is poisoned.
The acid corrodes you!
Your tentacles burn!
You squeeze the jelly, but do no damage.
The jelly is lightly wounded.
The foxfire hits the jelly.
The jelly is heavily wounded.
Unknown command.
Casting: Foxfire (safe; 4% risk of failure)
Confirm with . or Enter, or press ? or * to list all spells.
You conjure some foxfire!
The jelly hits you.
You are splashed with acid!
* * * LOW HITPOINT WARNING * * *
Unknown command.
You hit the jelly but do no damage.
The jelly looks as sick as possible!
Your tentacles burn!
You die...

#.# #.#
#.# #.# ##
#.# .. #.#
#. #.#
.###..##v#
.....$.J@#
.###..####
#. #


You could see a jelly (extremely poisoned, ally target).

Vanquished Creatures
  A howler monkey (D:2)
  A jelly (D:4)
  5 gnolls
  2 adders (D:2)
  A worm (D:2)
  2 dart slugs
  8 ball pythons
  5 endoplasms
  A giant cockroach (D:2)
  A goblin (D:1)
  3 hobgoblins
  A jackal (D:2)
  A quokka (D:1)
  4 bats
  3 frilled lizards (D:1)
  5 kobolds
  4 rats
48 creatures vanquished.

Vanquished Creatures (others)
  113 foxfires
113 creatures vanquished.

Grand Total: 161 creatures vanquished

Notes
Turn   | Place    | Note
-------+----------+-------------------------------------------
     0 | D:1      | Conn the Octopode Fire Elementalist began the quest for the
                  | Orb.
     0 | D:1      | Reached XP level 1. HP: 11/11 MP: 3/3
   177 | D:1      | Found a faded altar of an unknown god.
   227 | D:1      | Reached XP level 2. HP: 17/17 MP: 0/5
  1003 | D:1      | Reached XP level 3. HP: 21/21 MP: 3/6
  1046 | D:1      | Learned a level 3 spell: Conjure Flame
  1660 | D:2      | Reached XP level 4. HP: 14/27 MP: 2/8
  2022 | D:2      | Reached XP level 5. HP: 31/31 MP: 5/9
  2123 | D:2      | You fall into a shaft and drop 2 floors!
  2140 | D:4      | Reached skill level 1 in Short Blades
  2212 | D:4      | Found a staircase to the Ecumenical Temple.
  2214 | D:4      | Noticed a black bear
  2262 | D:4      | Splashed by a jelly's acid

Illustrated notes

Levels and vault maps discovered:
D:1:      erik_arrival_orb_chamber, layout_basic, ebering_ecumenical_altar_webs,
          chequers_hall_statues_y
D:2:      minmay_razor_zed, layout_basic, serial_shops, shop
D:4:      layout_loops_ring, pdpol_wu_jian_five_deadly_venoms,
          minmay_temple_entry_nine_rooms, enter_ossuary_1, uniq_duvessa

Skill      XL: |  1  2  3  4  5 |
---------------+----------------+-----
Stealth        | 3 4 |  4.4
Fire Magic     | 4 |  4.0
Spellcasting   | 3 |  3.0
Short Blades   | 1 |  1.4
Fighting       | |  0.2
Dodging        | |  2.3
Conjurations   | |  1.7

Action                   |  1- 3 |  4- 6 || total
-------------------------+-------+-------++-------
Melee: Unarmed           |    12 |       ||    12
       Constrict         |     8 |     4 ||    12
       Tentacles         |     7 |     2 ||     9
       Dagger            |    16 |    14 ||    30
 Cast: Foxfire           |    38 |    28 ||    66
  Use: Scroll            |       |     3 ||     3
 Stab: Sleeping          |    10 |     1 ||    11
Armor: Skin              |     4 |       ||     4
Dodge: Dodged            |    18 |    11 ||    29

Table legend: (Time is in decaauts)
 A = Elapsed time spent in this place.
 B = Non-inter-level travel time spent in this place.
 C = Inter-level travel time spent in this place.
 D = Time resting spent in this place.
 E = Time spent auto-exploring this place.
 F = Levels seen in this place.
 G = Mean time per level.
                   A        B        C        D        E       F      G
               +--------+--------+--------+--------+--------+-----+--------+
         Total |   2260 |   2238 |     22 |      0 |   1770 |   3 |  753.3 |
       Dungeon |   2260 |   2238 |     22 |      0 |   1770 |   3 |  753.3 |
               +--------+--------+--------+--------+--------+-----+--------+

Top non-repeatable levels by time:
     D:1: 1521 daAuts
     D:2: 600 daAuts
     D:4: 138 daAuts
